 Dungeon Crawl Stone Soup version 0.18-a0-19-g8b99b3a (webtiles) character file.

30 Duffy the Stinger (level 3, 0/28 HPs)
             Began as a Naga Venom Mage on Nov 1, 2015.
             Slain by a goblin
             ... wielding a +0 dagger
              (3 damage)
             ... on level 3 of the Dungeon.
             The game lasted 00:01:32 (1426 turns).

Duffy the Stinger (Naga Venom Mage)                 Turns: 1426, Time: 00:01:32

Health: 0/28       AC:  2    Str: 15    XL:     3   Next: 20%
Magic:  3/6        EV: 10    Int: 20    God:
Gold:   103        SH:  0    Dex: 12    Spells: 1 memorised, 6 levels left

rFire  . . .     SeeInvis +     g - +0 hunting sling
rCold  . . .     Clarity  .     a - +0 robe
rNeg   . . .     SustAt   .     (no shield)
rPois  +         Gourm    .     (no helmet)
rElec  .         Spirit   .     (no cloak)
rCorr  .         Warding  .     (no gloves)
rMut   .         Stasis   .     (no barding)
MR     .....                    (no amulet)
Stlth  ++........               (no ring)
                                (no ring)

@: mighty, brilliant, short of breath, very slow, not resistant to hostile
enchantments, unstealthy
A: see invisible, deformed body, poison resistance, slowness 2, slow metabolism
1, spit poison 2, AC +1
a: Spit Poison


You were on level 3 of the Dungeon.
You were not hungry.

You visited 1 branch of the dungeon, and saw 3 of its levels.

You collected 103 gold pieces.


Innate Abilities, Weirdness & Mutations

You cannot wear boots.
Your serpentine skin is tough (AC +1).
You have supernaturally acute eyesight.
Armour fits poorly on your strangely shaped body.
Your system is resistant to poisons.
You cover ground very slowly.
You have a slow metabolism.
You can spit poison.


   Skills:
 - Level 1.5 Dodging
 - Level 3.0 Stealth
 + Level 2.6 Spellcasting
 + Level 6.1 Poison Magic


You had 6 spell levels left.
You knew the following spells:

 Your Spells              Type           Power        Failure   Level  Hunger
a - Sting                 Conj/Pois      ####         1%          1    None

Inventory:

Hand Weapons
 g - a +0 hunting sling (weapon)
 h - a +1 short sword of venom
Missiles
 d - 63 stones
 e - a sling bullet (quivered)
 f - 14 poisoned needles
Armour
 a - a +0 robe (worn)
Scrolls
 j - 2 scrolls of magic mapping {unknown}
 k - 2 scrolls of remove curse
 m - 2 scrolls of identify {unknown}
 o - a scroll of recharging {unknown}
Books
 b - a Young Poisoner's Handbook
Comestibles
 c - 3 bread rations

Dungeon Overview and Level Annotations

Branches:
Dungeon (3/15)

Altars:


Message History

You shoot a sling bullet.
The sling bullet barely misses the jackal.
The jackal bites you. x2
The rat moves out of view.
The jackal barely misses you.
You are too injured to fight recklessly!
You are too injured to fight recklessly!
You are too injured to fight recklessly!
Cast which spell? (? or * to list)
Aiming: Sting
Press: ? - help, Shift-Dir - straight line, f/p - jackal
Aim: a jackal The sting misses the jackal.
The jackal bites you. The jackal bites you. The jackal barely misses you.
Cast which spell? (? or * to list)
Aiming: Sting
Press: ? - help, Shift-Dir - straight line, f/p - jackal
Aim: a jackal The sting hits the jackal.
The jackal appears unharmed.
The jackal bites you but does no damage.
The jackal bites you.
Cast which spell? (? or * to list)
Aiming: Sting
Press: ? - help, Shift-Dir - straight line, f/p - jackal
Aim: a jackal The sting hits the jackal.
The jackal is poisoned.
The jackal is moderately wounded.
The jackal barely misses you. x2
The goblin hits you with a dagger. The jackal misses you.
Press: ? - help, Shift-Dir - straight line, f/p - jackal
Aim: a jackal (moderately wounded, poisoned)
The splash of poison hits the jackal.
The jackal looks even sicker.
You kill the jackal!
You feel slightly more hungry. The jackal bites you.
The goblin hits you with a dagger.
You die...

#### ##..##
#..@(#
#...sgh..#
.........(..#
.#..#..........
..# .#..###r###
# #..... .# #
.... . ####. (


You could see a jackal, a giant cockroach, a goblin and a rat.

Action                   || total
-------------------------++-------
Melee: Short sword       ||    10
 Fire: Hunting sling     ||    41
 Cast: Sting             ||     6
 Abil: Spit Poison       ||     6
  Use: Scroll            ||     1
       Potion            ||     3
  Eat: Chunk             ||     1

Notes
Turn   | Place    | Note
--------------------------------------------------------------
     0 | D:1      | Duffy the Naga Venom Mage began the quest for the Orb.
     0 | D:1      | Reached XP level 1. HP: 15/15 MP: 3/3
   497 | D:1      | Reached XP level 2. HP: 8/22 MP: 5/5
  1393 | D:2      | Reached skill level 6 in Poison Magic
  1393 | D:2      | Reached XP level 3. HP: 5/28 MP: 6/6
  1426 | D:3      | Slain by a goblin

Vault maps used:
D:1:      lightli_iron_boxes
D:2:      first_bread
D:3:      yredelemnul_forgotten_temple_becter, lemuel_coloured_pillars_altar,
          minmay_misc_feat_iff

Vanquished Creatures
  An adder
  A bat
  A hobgoblin
  3 jackals
  2 giant cockroaches
  2 giant newts
  2 goblins
  6 kobolds
  3 rats
21 creatures vanquished.
